AoeStats
← Caba da Muleste da Paçoca

Enclosed

505938654Analyzed
1v1 RM · 21d ago on Sep 11, 2026· 47m 16s· 2 players
Game mode
Random Map
Map size
Tiny (2 player)
Population
200
Speed
Normal
Resources
Standard
Victory
Conquest
Starting age
Dark Age
Ending age
Imperial Age
RankedLock teamsTeams togetherTeam positionsShared explorationLock speedFull tech treeHidden civsTurbo modeCheats
Victory
Defeat
🇵🇱 Japanese · Poland
899
+15
877
-15
Caba da Muleste da Paçoca
8:48 Loom
11:06 Feudal Age
11:33 Double-Bit Axe
13:38 Horse Collar
14:24 Scale Barding Armor
15:35 Forging
15:44 Bloodlines
20:22 Castle Age
18:23 Gold Mining
19:31 Scale Mail Armor
21:57 Chain Mail Armor
22:05 Squires
22:36 Chain Barding Armor
23:51 Iron Casting
23:44 Bow Saw
24:45 Wheelbarrow
25:06 Stone Mining
27:32 Fletching
29:07 Hand Cart
29:37 Town Watch
30:06 Bodkin Arrow
31:56 Stone Shaft Mining
32:17 Bow Saw
37:03 Imperial Age
36:58 Ballistics
36:51 Masonry
38:14 Conscription
37:16 Cavalier
38:35 Plate Barding Armor
38:19 Cavalier
40:43 Crenellations
42:35 Hoardings
43:11 Blast Furnace
44:58 Chemistry
44:25 Siege Engineers
45:21 Gambesons
44:56 Man-at-Arms
46:12 Plate Mail Armor
45:10 Paladin
xxxAJxxx
8:58 Loom
10:44 Feudal Age
12:00 Man-at-Arms
17:38 Castle Age
15:51 Forging
16:14 Arson
16:43 Horse Collar
18:39 Double-Bit Axe
22:02 Squires
27:47 Bow Saw
27:48 Scale Mail Armor
30:12 Wheelbarrow
29:50 Heavy Plow
32:13 Hand Cart
32:23 Gold Mining
33:00 Pikeman
38:06 Imperial Age
37:58 Iron Casting
37:38 Chain Mail Armor
37:37 Masonry
38:12 Elite Samurai
38:36 Halberdier
41:27 Chemistry
40:47 Stone Mining
41:33 Gold Shaft Mining
41:58 Kataparuto
43:07 Blast Furnace
42:37 Plate Mail Armor
Connection lost

Rejoining the realm…

Still unreachable

The connection could not be restored.

Session expired

The server has moved on; the page needs a fresh start.